SAAA
BAGLEY LOONS @ VIOLA SPEARHEADS
09/13/2018
 
TOP OF THE 1ST
Bagley Loons batting - Pitching for Viola Spearheads : RHP Jim Unknown
Pitching: RHP Jim Unknown
Batting: RHB Adam Hennessey 0-0: Foul Ball, location: 2F
0-1: Ball
1-1: Fly out, F4 (Line Drive, 4M)
Batting: RHB Bill Dennis 0-0: Called Strike
0-1: Ground out 4-3 (Groundball, 4)
Batting: LHB Rafael García 0-0: Foul Ball, location: 2F
0-1: Foul Ball, location: 2F
0-2: Strikes out swinging
Top of the 1st over - 0 run(s), 0 hit(s), 0 error(s), 0 left on base; Bagley 0 - Viola 0
BOTTOM OF THE 1ST
Viola Spearheads batting - Pitching for Bagley Loons : RHP Karl Schultz
Pitching: RHP Karl Schultz
Batting: RHB Jim Unknown 0-0: Called Strike
0-1: Foul Ball, location: 2F
0-2: Ball
1-2: Strikes out swinging
Batting: LHB Jim Unknown 0-0: Foul Ball, location: 2F
0-1: Foul Ball, location: 2F
0-2: Foul Ball, location: 2F
0-2: Fly out, F7 (Flyball, 78M)
Batting: LHB Jim Unknown 0-0: Fly out, F9 (Flyball, 89M)
Bottom of the 1st over - 0 run(s), 0 hit(s), 0 error(s), 0 left on base; Bagley 0 - Viola 0
TOP OF THE 2ND
Bagley Loons batting - Pitching for Viola Spearheads : RHP Jim Unknown
Batting: RHB Walton Stephens 0-0: Ball
1-0: Ball
2-0: Called Strike
2-1: Called Strike
2-2: Ball
3-2: Fly out, F8 (Flyball, 8RM)
Batting: SHB Noah McCarthy 0-0: Ball
1-0: Called Strike
1-1: Ball
2-1: Foul Ball, location: 2F
2-2: Ball
3-2: Strikes out swinging
Batting: RHB Guillermo Montoya 0-0: Foul Ball, location: 2F
0-1: Foul Ball, location: 2F
0-2: Ball
1-2: Foul Ball, location: 2F
1-2: Ball
2-2: Ball
3-2: Base on Balls
Batting: RHB Mike Alford 0-0: Ball
1-0: Ball
2-0: Ball
3-0: Called Strike
3-1: 2-RUN HOME RUN (Flyball, 89XD), Distance : 423 ft
Batting: RHB Eddie O'Bryan 0-0: SINGLE (Groundball, 4M)
Batting: RHB Bob Curry 0-0: Swinging Strike
0-1: Swinging Strike
0-2: Strikes out looking
Top of the 2nd over - 2 run(s), 2 hit(s), 0 error(s), 1 left on base; Bagley 2 - Viola 0
BOTTOM OF THE 2ND
Viola Spearheads batting - Pitching for Bagley Loons : RHP Karl Schultz
Batting: RHB Jim Unknown 0-0: Called Strike
0-1: Ball
1-1: Swinging Strike
1-2: Ground out 5-3 (Groundball, 5S)
Batting: RHB Jim Unknown 0-0: SINGLE (Line Drive, 89S)
Batting: LHB Jim Unknown 0-0: Called Strike
0-1: Called Strike
0-2: Strikes out looking
Batting: RHB Jim Unknown 0-0: Called Strike
0-1: SINGLE (Groundball, 4D)
Jim Unknown to second
Throwing error, E9
Jim Unknown scores
Jim Unknown to second
Batting: RHB Jim Unknown 0-0: Called Strike
0-1: Foul Ball, location: 2F
0-2: Ball
1-2: Reached on error, E6 (Groundball, 6)
Jim Unknown to third
Batting: RHB Jim Unknown 0-0: Foul Ball, location: 2F
0-1: Fly out, F6 (Popup, 13)
Bottom of the 2nd over - 1 run(s), 2 hit(s), 2 error(s), 2 left on base; Bagley 2 - Viola 1
TOP OF THE 3RD
Bagley Loons batting - Pitching for Viola Spearheads : RHP Jim Unknown
Batting: RHB Adam Hennessey 0-0: Bunt for hit - play at first, batter OUT! 3-4
Batting: RHB Bill Dennis 0-0: Ball
1-0: Called Strike
1-1: Foul Ball, location: 2F
1-2: Ball
2-2: Ground out 6-3 (Groundball, 6)
Batting: LHB Rafael García 0-0: Ball
1-0: Ball
2-0: Ball
3-0: Base on Balls
Batting: RHB Walton Stephens 0-0: Ball
1-0: Ground out 4-3 (Groundball, 4)
Top of the 3rd over - 0 run(s), 0 hit(s), 0 error(s), 1 left on base; Bagley 2 - Viola 1
BOTTOM OF THE 3RD
Viola Spearheads batting - Pitching for Bagley Loons : RHP Karl Schultz
Batting: RHB Jim Unknown 0-0: Ball
1-0: Called Strike
1-1: Ball
2-1: Ground out 6-3 (Groundball, 6M)
Batting: LHB Jim Unknown 0-0: SINGLE (Groundball, 56D)
Batting: LHB Jim Unknown 0-0: Ball
1-0: Ball
2-0: Ball
3-0: Called Strike
3-1: Foul Ball, location: 2F
3-2: Base on Balls
Jim Unknown to second
Batting: RHB Jim Unknown 0-0: Fly out, F7 (Flyball, 7M)
Batting: RHB Jim Unknown 0-0: SINGLE (Groundball, 6MD)
Jim Unknown to third
Jim Unknown to second
Runner from 3rd tries for Home, SAFE, no throw or cutoff
Batting: LHB Jim Unknown 0-0: Ball
1-0: Swinging Strike
1-1: Fly out, F7 (Flyball, 78D)
Bottom of the 3rd over - 1 run(s), 2 hit(s), 0 error(s), 2 left on base; Bagley 2 - Viola 2
TOP OF THE 4TH
Bagley Loons batting - Pitching for Viola Spearheads : RHP Jim Unknown
Batting: SHB Noah McCarthy 0-0: Swinging Strike
0-1: Foul Ball, location: 2F
0-2: Fly out, F7 (Flyball, 7D)
Batting: RHB Guillermo Montoya 0-0: Called Strike
0-1: Foul Ball, location: 2F
0-2: Ball
1-2: Strikes out swinging
Batting: RHB Mike Alford 0-0: Foul Ball, location: 2F
0-1: Fly out, F9 (Flyball, 9LM)
Top of the 4th over - 0 run(s), 0 hit(s), 0 error(s), 0 left on base; Bagley 2 - Viola 2
BOTTOM OF THE 4TH
Viola Spearheads batting - Pitching for Bagley Loons : RHP Karl Schultz
Batting: RHB Jim Unknown 0-0: Ball
1-0: Ball
2-0: Called Strike
2-1: SINGLE (Line Drive, 8RS)
Batting: RHB Jim Unknown 0-0: Called Strike
0-1: Foul Ball, location: 2F
0-2: Ball
1-2: Foul Ball, location: 2F
1-2: Foul Ball, location: 2F
1-2: Foul Ball, location: 2F
1-2: Grounds into double play, U6-3 (Groundball, 6M)
Batting: RHB Jim Unknown 0-0: Called Strike
0-1: Ball
1-1: Foul Ball, location: 2F
1-2: Foul Ball, location: 2F
1-2: Ball
2-2: Ball
3-2: Fly out, F8 (Flyball, 8LM)
Bottom of the 4th over - 0 run(s), 1 hit(s), 0 error(s), 0 left on base; Bagley 2 - Viola 2
TOP OF THE 5TH
Bagley Loons batting - Pitching for Viola Spearheads : RHP Jim Unknown
Batting: RHB Eddie O'Bryan 0-0: Called Strike
0-1: Ball
1-1: Ground out 1-3 (Groundball, 15)
Batting: RHB Bob Curry 0-0: Ball
1-0: Swinging Strike
1-1: Ball
2-1: Called Strike
2-2: DOUBLE (Groundball, 5L)
Batting: RHB Adam Hennessey 0-0: SINGLE (Line Drive, 89S)
Bob Curry to third
Batting: RHB Bill Dennis 0-0: Ball
1-0: Swinging Strike
1-1: Ball
2-1: Foul Ball, location: 2F
2-2: Ball
3-2: Foul Ball, location: 2F
3-2: Strikes out swinging
Batting: LHB Rafael García 0-0: Ball
1-0: Ball
2-0: Called Strike
2-1: Ball
3-1: Base on Balls
Adam Hennessey to second
Batting: RHB Walton Stephens 0-0: Ball
1-0: Swinging Strike
1-1: Ball
2-1: Swinging Strike
2-2: Foul Ball, location: 2F
2-2: Foul Ball, location: 2F
2-2: Fly out, F9 (Flyball, 89M)
Top of the 5th over - 0 run(s), 2 hit(s), 0 error(s), 3 left on base; Bagley 2 - Viola 2
BOTTOM OF THE 5TH
Viola Spearheads batting - Pitching for Bagley Loons : RHP Karl Schultz
Batting: RHB Jim Unknown 0-0: Fly out, F8 (Line Drive, 8RM)
Pitching: RHP Jeremy Gutiérrez
Batting: LHB Jim Unknown 0-0: Ball
1-0: SINGLE (Line Drive, 8LS)
Batting: LHB Jim Unknown 0-0: Called Strike
0-1: Ball
1-1: Called Strike
1-2: Foul Ball, location: 2F
1-2: Ground out 3-1 (Groundball, 34)
Jim Unknown to second
Batting: RHB Jim Unknown 0-0: Ball
1-0: Called Strike
1-1: Foul Ball, location: 2F
1-2: Hit by Pitch
Batting: RHB Jim Unknown 0-0: Called Strike
0-1: Ball
1-1: Ball
2-1: Foul Ball, location: 2F
2-2: Fielders Choice at 2nd, U6 (Groundball, 6M)
Bottom of the 5th over - 0 run(s), 1 hit(s), 0 error(s), 2 left on base; Bagley 2 - Viola 2
TOP OF THE 6TH
Bagley Loons batting - Pitching for Viola Spearheads : RHP Jim Unknown
Batting: SHB Noah McCarthy 0-0: Ball
1-0: Called Strike
1-1: Foul Ball, location: 2F
1-2: Ground out 4-3 (Groundball, 4)
Batting: RHB Guillermo Montoya 0-0: Called Strike
0-1: Called Strike
0-2: Foul Ball, location: 2F
0-2: Ball
1-2: Foul Ball, location: 2F
1-2: Strikes out looking
Batting: RHB Mike Alford 0-0: Ball
1-0: Called Strike
1-1: Ground out 4-3 (Groundball, 6M)
Top of the 6th over - 0 run(s), 0 hit(s), 0 error(s), 0 left on base; Bagley 2 - Viola 2
BOTTOM OF THE 6TH
Viola Spearheads batting - Pitching for Bagley Loons : RHP Jeremy Gutiérrez
Batting: LHB Jim Unknown 0-0: Called Strike
0-1: Ball
1-1: Ball
2-1: Bunt for hit - play at first, batter safe!
Batting: RHB Jim Unknown 0-0: Sac Bunt - play at first, batter OUT! 1-4
Jim Unknown to second
Batting: RHB Jim Unknown 0-0: Ball
1-0: Ball
2-0: Ball
3-0: Called Strike
3-1: Foul Ball, location: 2F
3-2: Foul Ball, location: 2F
3-2: Reached on error, E5 (Groundball, 56)
Jim Unknown to third
Pitching: RHP Rod Bakewell
Batting: RHB Jim Unknown 0-0: Called Strike
0-1: Ball
1-1: Ball
2-1: Ball
3-1: Base on Balls
Jim Unknown to second
Batting: RHB Jim Unknown 0-0: Called Strike
0-1: Foul Ball, location: 2F
0-2: Foul Ball, location: 2F
0-2: Ball
1-2: Fly out, F6 (Line Drive, 6S)
Batting: LHB Jim Unknown 0-0: Swinging Strike
0-1: Called Strike
0-2: Fly out, F8 (Flyball, 78S)
Bottom of the 6th over - 0 run(s), 1 hit(s), 1 error(s), 3 left on base; Bagley 2 - Viola 2
TOP OF THE 7TH
Bagley Loons batting - Pitching for Viola Spearheads : RHP Jim Unknown
Batting: RHB Eddie O'Bryan 0-0: Called Strike
0-1: Ball
1-1: Foul Ball, location: 2F
1-2: Ball
2-2: Ball
3-2: Ground out 6-3 (Groundball, 6)
Pinch Hitting: SHB Roland Meade 0-0: Ball
1-0: Ball
2-0: Fly out, F8 (Flyball, 8RD)
Batting: RHB Adam Hennessey 0-0: Ball
1-0: SINGLE (Groundball, 34D)
Pitching: RHP Jim Unknown
Pinch Hitting: LHB Kenko Ueda 0-0: SINGLE (Groundball, 4MD)
Adam Hennessey to second
Runner from 2nd tries for 3rd, SAFE, no throw or cutoff
Batting: LHB Rafael García 0-0: Ball
1-0: Called Strike
1-1: Swinging Strike
1-2: Foul Ball, location: 2F
1-2: Ball
2-2: Foul Ball, location: 2F
2-2: Ball
3-2: Foul Ball, location: 2F
3-2: Foul Ball, location: 2F
3-2: Foul Ball, location: 2F
3-2: Base on Balls
Kenko Ueda to second
Pinch Hitting: LHB Ralph Dunford 0-0: Foul Ball, location: 2F
0-1: Called Strike
0-2: Strikes out swinging
Top of the 7th over - 0 run(s), 2 hit(s), 0 error(s), 3 left on base; Bagley 2 - Viola 2
BOTTOM OF THE 7TH
Viola Spearheads batting - Pitching for Bagley Loons : RHP Rod Bakewell
Pitching: LHP Jorge Ybarra
Now at 2B: Edward Baker
Now in LF: Roland Meade
Now in RF: Kenko Ueda
Batting: LHB Jim Unknown 0-0: Ball
1-0: Ball
2-0: Called Strike
2-1: Foul Ball, location: 2F
2-2: SINGLE (Flyball, 7LS)
Pitching: LHP Aurelio Martínez
Batting: RHB Jim Unknown Pickoff Throw to First - Out!
0-0: Ball
1-0: Called Strike
1-1: Foul Ball, location: 2F
1-2: Ball
2-2: Strikes out looking
Batting: RHB Jim Unknown 0-0: Fly out, F5 (Popup, 5SF)
Bottom of the 7th over - 0 run(s), 1 hit(s), 0 error(s), 0 left on base; Bagley 2 - Viola 2
TOP OF THE 8TH
Bagley Loons batting - Pitching for Viola Spearheads : RHP Jim Unknown
Batting: SHB Noah McCarthy 0-0: Called Strike
0-1: Called Strike
0-2: Ball
1-2: Ball
2-2: Strikes out swinging
Batting: RHB Guillermo Montoya 0-0: Called Strike
0-1: Swinging Strike
0-2: Ball
1-2: Foul Ball, location: 2F
1-2: Hit by Pitch
Batting: RHB Mike Alford 0-0: Ground out 4-3 (Groundball, 4M)
Guillermo Montoya to second
Pinch Hitting: RHB Allen Murphy 0-0: Ball
1-0: Called Strike
1-1: Ball
2-1: Ground out 5-3 (Groundball, 5)
Top of the 8th over - 0 run(s), 0 hit(s), 0 error(s), 1 left on base; Bagley 2 - Viola 2
BOTTOM OF THE 8TH
Viola Spearheads batting - Pitching for Bagley Loons : LHP Aurelio Martínez
Now at 3B: Rick Bell
Pinch Hitting: RHB Jim Unknown 0-0: Ball
1-0: Ball
2-0: Foul Ball, location: 2F
2-1: Foul Ball, location: 2F
2-2: Fly out, F9 (Flyball, 89M)
Pinch Hitting: RHB Jim Unknown 0-0: Called Strike
0-1: Ball
1-1: Ball
2-1: Ball
3-1: Called Strike
3-2: Ground out 4-3 (Groundball, 4M)
Batting: RHB Jim Unknown 0-0: Called Strike
0-1: Ball
1-1: DOUBLE (Line Drive, 8RM)
Batting: RHB Jim Unknown 0-0: Ball
1-0: Foul Ball, location: 2F
1-1: Ground out 6-3 (Groundball, 56)
Bottom of the 8th over - 0 run(s), 1 hit(s), 0 error(s), 1 left on base; Bagley 2 - Viola 2
TOP OF THE 9TH
Bagley Loons batting - Pitching for Viola Spearheads : RHP Jim Unknown
Pitching: RHP Jim Unknown
Now at 3B: Jim Unknown
Now in LF: Jim Unknown
Batting: SHB Roland Meade 0-0: Ball
1-0: SINGLE (Flyball, 89S)
Batting: RHB Adam Hennessey 0-0: Sac Bunt - play at second, runner OUT! 5-6
Batting: LHB Kenko Ueda 0-0: Called Strike
0-1: Ball
1-1: Called Strike
1-2: Fly out, F6 (Line Drive, 56D)
Batting: LHB Rafael García 0-0: Called Strike
0-1: Swinging Strike
0-2: Ball
1-2: Hit by Pitch
Adam Hennessey to second
Batting: RHB Edward Baker 0-0: Called Strike
0-1: Called Strike
0-2: Ball
1-2: Ball
2-2: Fly out, F9 (Flyball, 9D)
Top of the 9th over - 0 run(s), 1 hit(s), 0 error(s), 2 left on base; Bagley 2 - Viola 2
BOTTOM OF THE 9TH
Viola Spearheads batting - Pitching for Bagley Loons : LHP Aurelio Martínez
Pitching: RHP Jim Unknown
Batting: RHB Jim Unknown 0-0: Ball
1-0: Foul Ball, location: 2F
1-1: Foul Ball, location: 2F
1-2: Fly out, F6 (Line Drive, 56)
Batting: LHB Jim Unknown 0-0: Ball
1-0: SINGLE (Line Drive, 4M)
Batting: LHB Jim Unknown 0-0: Ball
1-0: 2-RUN HOME RUN (Flyball, 9D), Distance : 388 ft
This league is powered by Out of the Park Baseball, the baseball management simulation game for PC, Mac and Linux
Monday, May 4th, 2015 - OOTP Baseball 15.6 Build 34